 Dungeon Crawl Stone Soup version 0.14-a0-759-g26e2352 (webtiles) character file.

176 Psiweapon the Ruffian (level 4, -1/28 HPs)
             Began as a Gargoyle Monk on Nov 8, 2013.
             Slain by a wyvern (13 damage)
             ... on Level 4 of the Dungeon.
             The game lasted 00:09:03 (2077 turns).

Psiweapon the Ruffian (Gargoyle Monk)               Turns: 2077, Time: 00:09:03

HP  -1/28        AC  9     Str 15      XL: 4   Next: 85%
MP   3/3         EV 13     Int 11      God:
Gold 69          SH  0     Dex 12      Spells:  0 memorised,  3 levels left

Res.Fire  : . . .   See Invis. : .     - Unarmed
Res.Cold  : . . .   Warding    : .   a - +0 robe
Life Prot.: + . .   Conserve   : .   (no shield)
Res.Poison: +       Res.Corr.  : .   e - +2 dwarf helmet
Res.Elec. : .       Clarity    : .   c - +0 cloak
Sust.Abil.: . .     Spirit.Shd : .   (no gloves)
Res.Mut.  : .       Stasis     : .   (no boots)
Res.Rott. : +       Flight     : .   (no amulet)
Saprovore : . . .                    (no ring)
                                     (no ring)

@: slightly resistant to hostile enchantments, fairly stealthy
A: fangs 1, talons 2, life protection 1, slow metabolism 1, unbreathing,
petrification resistance, AC +3
a: no special abilities


You were on level 4 of the Dungeon.
You were not hungry.

You visited 1 branch of the dungeon, and saw 4 of its levels.

You collected 69 gold pieces.

Inventory:

Missiles
 k - 8 poisoned needles
Armour
 a - a +0 robe (worn)
 c - a +0 cloak (worn)
 e - a +2 dwarven helmet (worn)
 g - a +1 dwarven chain mail of fire resistance
Magical devices
 f - a wand of teleportation (7) {unknown}
Comestibles
 b - a bread ration
 n - 6 sultanas
 o - an apple
 p - 2 rotting chunks of kobold flesh
 t - a rotting chunk of giant gecko flesh
Scrolls
 d - a scroll of enchant weapon II {unknown}
 h - a scroll of curse weapon {unknown}
 i - a scroll of fear {unknown}
 l - a scroll of fog {unknown}
 m - a scroll of enchant weapon I {unknown}
Potions
 j - a potion of cure mutation {unknown}
 q - a potion of restore abilities {unknown}
Miscellaneous
 r - a plain deck of war


   Skills:
 + Level 4.2 Fighting
 + Level 2.9 Dodging
 + Level 3.3 Stealth
 + Level 5.0 Unarmed Combat


You had 3 spell levels left.
You didn't know any spells.

Dungeon Overview and Level Annotations

Branches:
Dungeon (4/27)
 Temple: D:4-7

Altars:
Fedhas
Nemelex Xobeh
Yredelemnul

Annotations:
D:3 epsilon's ghost, average DsSk


Innate Abilities, Weirdness & Mutations

You are resistant to torment.
You are immune to poison.
Your stone body is very resilient (AC +3).
You have very sharp teeth.
You have razor-sharp toenails.
You resist negative energy.
You have a slow metabolism.
You can survive without breathing.
You are immune to petrification.


Message History

You kill the rat!
Found 6 sultanas.
n - 6 sultanas
Found an orcish ring mail.
You see here an orcish ring mail.
You open the door.
A wyvern comes into view. 2 jackals come into view.
There is an open door here.
The helpless wyvern fails to defend itself.
You hit the wyvern but do no damage. You claw the wyvern.
The wyvern is lightly wounded.
The wyvern bites you!
You hit the wyvern but do no damage.
The wyvern is lightly wounded.
The wyvern bites you! The wyvern barely misses you.
You hit the wyvern. Your bite misses the wyvern.
The wyvern is moderately wounded.
The wyvern bites you!
You die...

# ...#
####### ...#
#.....# ...#
#.###.##...#
#.#<#.#....#
#.#...#....#
#.#####....#
#.[...'@D.#
#######...#
#...# #...#
#...# #..h#
#...# #...+
#h.


You could see a wyvern and 2 jackals.

Vanquished Creatures
  Jessica (D:2)
  3 adders (D:2)
  A worm (D:2)
  6 giant cockroaches
  5 hobgoblins (D:1)
  3 jackals (D:2)
  A quokka (D:2)
  2 ball pythons
  A bat (D:1)
  3 giant geckos
  A giant newt (D:1)
  5 goblins
  8 kobolds
  17 rats
57 creatures vanquished.

Notes
Turn   | Place    | Note
--------------------------------------------------------------
     0 | D:1      | Psiweapon, the Gargoyle Monk, began the quest for the Orb.
     0 | D:1      | Reached XP level 1. HP: 12/12 MP: 0/0
   239 | D:1      | Reached XP level 2. HP: 17/17 MP: 1/1
   731 | D:1      | Reached XP level 3. HP: 22/22 MP: 2/2
  1200 | D:2      | Noticed Jessica
  1213 | D:2      | Killed Jessica
  1213 | D:2      | Reached XP level 4. HP: 26/28 MP: 3/3
  1242 | D:2      | Found a sparkling altar of Nemelex Xobeh.
  1446 | D:2      | Found a basalt altar of Yredelemnul.
  1448 | D:2      | Found a blossoming altar of Fedhas.
  1468 | D:2      | Reached skill level 5 in Unarmed Combat
  2007 | D:3      | Noticed epsilon's ghost (average DsSk)
  2072 | D:4      | Noticed a wyvern
  2077 | D:4      | Slain by a wyvern

Action                   |  1- 3 |  4- 6 || total
-------------------------+-------+-------++-------
Melee: Unarmed           |   107 |    64 ||   171
 Stab: Sleeping          |     6 |     3 ||     9
